Workbook

Sheet Pricing Summary
A1: APPENDIX 2 - Pricing Summary & Schedule Document
A3: PRICING SUMMARY
A5: For | B5: [insert project name]
A7: Complete the attached Pricing Schedule tab - amend/expand where indicated
A8: Complete the attached Property Details tab - amend as appropriate
A9: Gross internal floor area (inclusive of internal circulation area) | H9: Insert | I9: m2
A10: Number of homes | H10: Insert | I10: nr
A12: Tender Price Breakdown - NOTE: Balance of this Pricing Summary will automatically populate upon completion of Pricing Schedule sheet / tab by Tenderer
A15: For Information Only (Not For Evaluation)
A17: 1 | B17: The Tenderers Total Development Cost for the Scheme (inclusive of Site | H17: ='Pricing Schedule'!F165 -> 0
B18: Cost and VAT) as per Total 5 of Pricing Schedule is:
A20: 2 | B20: The Tenderers proposed average price per home for the Scheme (inclusive | H20: =H17/H10 -> #VALUE!
B21: of Site Cost and VAT) as per Pricing Schedule is:
A24: 3 | B24: The average Basic Construction Cost per home including VAT but | H24: ='Pricing Schedule'!I45 -> #VALUE!
B25: excluding costs for Items 4, 5 and 6 below - i.e., TOTAL A
B27: Note: This Response will be evaluated
A30: 4 | B30: The average Abnormals Cost per home including VAT associated with the | H30: ='Pricing Schedule'!I78 -> #VALUE!
B31: Development and included in the Total Development Costs (e,g., Respond
B32: Requirements, demolitions, ground conditions, special substructure
B33: solutions, services diversions and the like) excluding costs for Item 3
B34: above and for Items 5 and 6 below - i.e., TOTAL B
B36: Note: This Response will be evaluated
A39: 5 | B39: The average Non-Construction Cost per home including VAT associated | H39: ='Pricing Schedule'!I145 -> #VALUE!
B40: with the development and included in the Total Development Costs
B41: (e.g., Professional/Design Team Fees, Development Contributions/Levies,
B42: Utilities Costs, Finance Costs, Developer's Risk, Developer's Profit, etc)
B43: excluding costs for Items 3 and 4 above and Item 6 below - i.e., TOTAL C
B45: Note: This Response will be evaluated
A48: 6 | B48: The average Site Cost per home including VAT at which the site is | H48: ='Pricing Schedule'!I162 -> #VALUE!
B49: proposed to be sold to Respond and included in Total Development Costs.
B50: The Site Cost will be fixed price and include for all necessary acquisition
B51: costs, site costs, surveys, stamp duty, snagging works, etc and
B52: excluding costs for Items 3, 4 and 5 above - i.e., TOTAL D
B54: Note: This Response will be evaluated

Sheet Pricing Schedule
A1: ='Pricing Summary'!A1 -> APPENDIX 2 - Pricing Summary & Schedule Document
A3: PRICING SCHEDULE
A5: For | B5: [insert project name]
A7: Complete the attached Property Details tab - amend as appropriate
A8: Gross internal floor area (inclusive of internal circulation area) | H8: ='Pricing Summary'!H9 -> Insert | I8: m2
A9: Number of homes | H9: ='Pricing Summary'!H10 -> Insert | I9: nr
F10: Insert Figures
A11: Cost Breakdown
A13: Description | F13: Cost € | G13: % of TDC | H13: Cost / m2 € | I13: Cost / home €
A15: 1 Basic Construction Costs
A17: 1.1 | B17: Basic Construction Costs
B18: Enabling Works - demolitions and site clearance | F18: 0 | G18: =F18/$F$165 -> #DIV/0! | H18: =F18/$H$8 -> #VALUE! | I18: =F18/$H$9 -> #VALUE!
B19: Basement / Substructure | F19: 0 | G19: =F19/$F$165 -> #DIV/0! | H19: =F19/$H$8 -> #VALUE! | I19: =F19/$H$9 -> #VALUE!
B20: Main Building Works (1) | F20: 0 | G20: =F20/$F$165 -> #DIV/0! | H20: =F20/$H$8 -> #VALUE! | I20: =F20/$H$9 -> #VALUE!
B21: Fit-out Cost (2) excluding items included below | F21: 0 | G21: =F21/$F$165 -> #DIV/0! | H21: =F21/$H$8 -> #VALUE! | I21: =F21/$H$9 -> #VALUE!
B22: - Floor Finishes (wet areas only - Kitchen/Bathroom) | F22: 0 | G22: =F22/$F$165 -> #DIV/0! | H22: =F22/$H$8 -> #VALUE! | I22: =F22/$H$9 -> #VALUE!
B23: - Kitchens | F23: 0 | G23: =F23/$F$165 -> #DIV/0! | H23: =F23/$H$8 -> #VALUE! | I23: =F23/$H$9 -> #VALUE!
B24: - Bathrooms | F24: 0 | G24: =F24/$F$165 -> #DIV/0! | H24: =F24/$H$8 -> #VALUE! | I24: =F24/$H$9 -> #VALUE!
B25: - Wardrobes | F25: 0 | G25: =F25/$F$165 -> #DIV/0! | H25: =F25/$H$8 -> #VALUE! | I25: =F25/$H$9 -> #VALUE!
B26: White goods (for Cost Rental units only) | F26: 0 | G26: =F26/$F$165 -> #DIV/0! | H26: =F26/$H$8 -> #VALUE! | I26: =F26/$H$9 -> #VALUE!
B27: Site Development Works | F27: 0 | G27: =F27/$F$165 -> #DIV/0! | H27: =F27/$H$8 -> #VALUE! | I27: =F27/$H$9 -> #VALUE!
B28: External Site Works | F28: 0 | G28: =F28/$F$165 -> #DIV/0! | H28: =F28/$H$8 -> #VALUE! | I28: =F28/$H$9 -> #VALUE!
B29: Landscaping | F29: 0 | G29: =F29/$F$165 -> #DIV/0! | H29: =F29/$H$8 -> #VALUE! | I29: =F29/$H$9 -> #VALUE!
... B33: Construction Inflation/Increased Costs | F33: 0 | G33: =F33/$F$165 -> #DIV/0! | H33: =F33/$H$8 -> #VALUE! | I33: =F33/$H$9 -> #VALUE!
B34: Other - please specify - [add rows as necessary]
B35: - | F35: 0 | G35: =F35/$F$165 -> #DIV/0! | H35: =F35/$H$8 -> #VALUE! | I35: =F35/$H$9 -> #VALUE!
B36: - | F36: 0 | G36: =F36/$F$165 -> #DIV/0! | H36: =F36/$H$8 -> #VALUE! | I36: =F36/$H$9 -> #VALUE!
B38: Sub-Total, Basic Construction Costs (excl VAT) | F38: =SUM(F18:F36) -> 0 | G38: =SUM(G18:G36) -> #DIV/0! | H38: =SUM(H18:H36) -> #VALUE! | I38: =SUM(I18:I36) -> #VALUE!
B40: VAT at 0% (7) | F40: 0 | G40: =F40/$F$165 -> #DIV/0! | H40: =F40/$H$8 -> #VALUE! | I40: =F40/$H$9 -> #VALUE!
B41: VAT at 9% | F41: 0 | G41: =F41/$F$165 -> #DIV/0! | H41: =F41/$H$8 -> #VALUE! | I41: =F41/$H$9 -> #VALUE!
B42: VAT at 13.5 % | F42: 0 | G42: =F42/$F$165 -> #DIV/0! | H42: =F42/$H$8 -> #VALUE! | I42: =F42/$H$9 -> #VALUE!
B43: VAT at 23% | F43: 0 | G43: =F43/$F$165 -> #DIV/0! | H43: =F43/$H$8 -> #VALUE! | I43: =F43/$H$9 -> #VALUE!
A45: Total 1, Basic Construction Costs (incl VAT) | F45: =SUM(F38:F44) -> 0 | G45: =F45/$F$165 -> #DIV/0! | H45: =F45/$H$8 -> #VALUE! | I45: =F45/$H$9 -> #VALUE!
I46: TOTAL A
A47: 2 Abnormals Costs
A49: 2.1 | B49: Abnormals Costs
B50: Enabling Works - demolitions and site clearance | F50: 0 | G50: =F50/$F$165 -> #DIV/0! | H50: =F50/$H$8 -> #VALUE! | I50: =F50/$H$9 -> #VALUE!
B51: Works to protected structures and the like | F51: 0 | G51: =F51/$F$165 -> #DIV/0! | H51: =F51/$H$8 -> #VALUE! | I51: =F51/$H$9 -> #VALUE!
B52: Abnormals (4) - please specify - [add rows as necessary]
B53: - | F53: 0 | G53: =F53/$F$165 -> #DIV/0! | H53: =F53/$H$8 -> #VALUE! | I53: =F53/$H$9 -> #VALUE!
B54: - | F54: 0 | G54: =F54/$F$165 -> #DIV/0! | H54: =F54/$H$8 -> #VALUE! | I54: =F54/$H$9 -> #VALUE!
B55: - | F55: 0 | G55: =F55/$F$165 -> #DIV/0! | H55: =F55/$H$8 -> #VALUE! | I55: =F55/$H$9 -> #VALUE!
B56: Enhanced Fit-out Cost (5) excluding items included below | F56: 0 | G56: =F56/$F$165 -> #DIV/0! | H56: =F56/$H$8 -> #VALUE! | I56: =F56/$H$9 -> #VALUE!
B57: - Floor Finishes (extended to all areas) | F57: 0 | G57: =F57/$F$165 -> #DIV/0! | H57: =F57/$H$8 -> #VALUE! | I57: =F57/$H$9 -> #VALUE!
B58: - Blinds | F58: 0 | G58: =F58/$F$165 -> #DIV/0! | H58: =F58/$H$8 -> #VALUE! | I58: =F58/$H$9 -> #VALUE!
B59: Other - please specify (6) - [add rows as necessary]
B60: - | F60: 0 | G60: =F60/$F$165 -> #DIV/0! | H60: =F60/$H$8 -> #VALUE! | I60: =F60/$H$9 -> #VALUE!
B61: - | F61: 0 | G61: =F61/$F$165 -> #DIV/0! | H61: =F61/$H$8 -> #VALUE! | I61: =F61/$H$9 -> #VALUE!
B63: Sub-Total, Abnormals Costs (Carried Forward) | F63: =SUM(F50:F62) -> 0 | G63: =SUM(G50:G61) -> #DIV/0! | H63: =SUM(H50:H61) -> #VALUE! | I63: =SUM(I50:I61) -> #VALUE!
A65: For | B65: [insert project name]
F66: Insert Figures
A67: Cost breakdown
A69: Description | F69: Cost € | G69: % of TDC | H69: Cost / m2 € | I69: Cost / home €
B71: Sub-Total, Abnormals Costs (Brought Forward) | F71: =F63 -> 0 | G71: =G63 -> #DIV/0! | H71: =H63 -> #VALUE! | I71: =I63 -> #VALUE!
B73: VAT at 0% (7) | F73: 0 | G73: =F73/$F$165 -> #DIV/0! | H73: =F73/$H$8 -> #VALUE! | I73: =F73/$H$9 -> #VALUE!
B74: VAT at 9% | F74: 0 | G74: =F74/$F$165 -> #DIV/0! | H74: =F74/$H$8 -> #VALUE! | I74: =F74/$H$9 -> #VALUE!
B75: VAT at 13.5 % | F75: 0 | G75: =F75/$F$165 -> #DIV/0! | H75: =F75/$H$8 -> #VALUE! | I75: =F75/$H$9 -> #VALUE!
B76: VAT at 23% | F76: 0 | G76: =F76/$F$165 -> #DIV/0! | H76: =F76/$H$8 -> #VALUE! | I76: =F76/$H$9 -> #VALUE!
A78: Total 2, Abnormals Costs (incl VAT) | F78: =SUM(F71:F77) -> 0 | G78: =F78/$F$165 -> #DIV/0! | H78: =F78/$H$8 -> #VALUE! | I78: =F78/$H$9 -> #VALUE!
I79: TOTAL B
A81: 3 Non-Construction Costs
A83: 3.1 | B83: Local Authority Fees & Charges
B84: Local Authority Fees | F84: 0 | G84: =F84/$F$165 -> #DIV/0! | H84: =F84/$H$8 -> #VALUE! | I84: =F84/$H$9 -> #VALUE!
B85: Local Authority Contributions | F85: 0 | G85: =F85/$F$165 -> #DIV/0! | H85: =F85/$H$8 -> #VALUE! | I85: =F85/$H$9 -> #VALUE!
B86: Development Bond | F86: 0 | G86: =F86/$F$165 -> #DIV/0! | H86: =F86/$H$8 -> #VALUE! | I86: =F86/$H$9 -> #VALUE!
B87: Other - please specify - [add rows as necessary]
B88: - | F88: 0 | G88: =F88/$F$165 -> #DIV/0! | H88: =F88/$H$8 -> #VALUE! | I88: =F88/$H$9 -> #VALUE!
B89: - | F89: 0 | G89: =F89/$F$165 -> #DIV/0! | H89: =F89/$H$8 -> #VALUE! | I89: =F89/$H$9 -> #VALUE!
A91: 3.2 | B91: Contributions to Public Utilities
B92: Electricity | F92: 0 | G92: =F92/$F$165 -> #DIV/0! | H92: =F92/$H$8 -> #VALUE! | I92: =F92/$H$9 -> #VALUE!
B93: Irish Water | F93: 0 | G93: =F93/$F$165 -> #DIV/0! | H93: =F93/$H$8 -> #VALUE! | I93: =F93/$H$9 -> #VALUE!
B94: Gas | F94: 0 | G94: =F94/$F$165 -> #DIV/0! | H94: =F94/$H$8 -> #VALUE! | I94: =F94/$H$9 -> #VALUE!
B95: Other - please specify - [add rows as necessary]
B96: - | F96: 0 | G96: =F96/$F$165 -> #DIV/0! | H96: =F96/$H$8 -> #VALUE! | I96: =F96/$H$9 -> #VALUE!
B97: - | F97: 0 | G97: =F97/$F$165 -> #DIV/0! | H97: =F97/$H$8 -> #VALUE! | I97: =F97/$H$9 -> #VALUE!
A99: 3.3 | B99: Professional Fees & Expenses
B100: Design Team Fees | F100: 0 | G100: =F100/$F$165 -> #DIV/0! | H100: =F100/$H$8 -> #VALUE! | I100: =F100/$H$9 -> #VALUE!
B101: Ground/geotechnical or similar investigations | F101: 0 | G101: =F101/$F$165 -> #DIV/0! | H101: =F101/$H$8 -> #VALUE! | I101: =F101/$H$9 -> #VALUE!
B102: Surveys | F102: 0 | G102: =F102/$F$165 -> #DIV/0! | H102: =F102/$H$8 -> #VALUE! | I102: =F102/$H$9 -> #VALUE!
B103: Legal fees | F103: 0 | G103: =F103/$F$165 -> #DIV/0! | H103: =F103/$H$8 -> #VALUE! | I103: =F103/$H$9 -> #VALUE!
B104: Other - please specify - [add rows as necessary]
B105: - | F105: 0 | G105: =F105/$F$165 -> #DIV/0! | H105: =F105/$H$8 -> #VALUE! | I105: =F105/$H$9 -> #VALUE!
B106: - | F106: 0 | G106: =F106/$F$165 -> #DIV/0! | H106: =F106/$H$8 -> #VALUE! | I106: =F106/$H$9 -> #VALUE!
A108: 3.4 | B108: Other Fees
B109: Stamp Duty | F109: 0 | G109: =F109/$F$165 -> #DIV/0! | H109: =F109/$H$8 -> #VALUE! | I109: =F109/$H$9 -> #VALUE!
B110: Latent Defects Insurance | F110: 0 | G110: =F110/$F$165 -> #DIV/0! | H110: =F110/$H$8 -> #VALUE! | I110: =F110/$H$9 -> #VALUE!
B111: DAC Fee | F111: 0 | G111: =F111/$F$165 -> #DIV/0! | H111: =F111/$H$8 -> #VALUE! | I111: =F111/$H$9 -> #VALUE!
B112: FSC Fee | F112: 0 | G112: =F112/$F$165 -> #DIV/0! | H112: =F112/$H$8 -> #VALUE! | I112: =F112/$H$9 -> #VALUE!
B113: BER Certification | F113: 0 | G113: =F113/$F$165 -> #DIV/0! | H113: =F113/$H$8 -> #VALUE! | I113: =F113/$H$9 -> #VALUE!
B114: Other - please specify - [add rows as necessary]
B115: - | F115: 0 | G115: =F115/$F$165 -> #DIV/0! | H115: =F115/$H$8 -> #VALUE! | I115: =F115/$H$9 -> #VALUE!
B116: - | F116: 0 | G116: =F116/$F$165 -> #DIV/0! | H116: =F116/$H$8 -> #VALUE! | I116: =F116/$H$9 -> #VALUE!
A118: 3.5 | B118: Developers Costs
B119: Developers Inflation Provision | F119: 0 | G119: =F119/$F$165 -> #DIV/0! | H119: =F119/$H$8 -> #VALUE! | I119: =F119/$H$9 -> #VALUE!
B120: Developers Overheads, Contingency and Risk Mitigation | F120: 0 | G120: =F120/$F$165 -> #DIV/0! | H120: =F120/$H$8 -> #VALUE! | I120: =F120/$H$9 -> #VALUE!
B121: Developers financing cost | F121: 0 | G121: =F121/$F$165 -> #DIV/0! | H121: =F121/$H$8 -> #VALUE! | I121: =F121/$H$9 -> #VALUE!
B122: Developers Profit | F122: 0 | G122: =F122/$F$165 -> #DIV/0! | H122: =F122/$H$8 -> #VALUE! | I122: =F122/$H$9 -> #VALUE!
B124: Sub-Total, Non-Construction Costs (Carried Forward) | F124: =SUM(F83:F122) -> 0 | G124: =SUM(G83:G122) -> #DIV/0! | H124: =SUM(H84:H122) -> #VALUE! | I124: =SUM(I84:I122) -> #VALUE!
A132: For | B132: [insert project name]
F133: Insert Figures
...

Sheet Property details
A1: ='Pricing Summary'!A1 -> APPENDIX 2 - Pricing Summary & Schedule Document
A3: PROPERTY DETAILS
A5: {='Pricing Schedule'!A5:B5} -> For | B5: [insert project name]
A7: Home No | B7: Address | C7: Eircode (if available) | D7: Handover date | E7: Type of unit | F7: No. of Beds | G7: Total Acquistion Costs € | H7: Part V home (yes / No) | I7: Floor Area (sq m) | J7: Energy Rating ( BER)
A9: 1 | E9: ='[1]Property Details'!S2 -> Detached | F9: ='[1]Property Details'!T2 -> 3-Bed | H9: ='[1]Property Details'!AA2 -> No | J9: A2
E10: ='[1]Property Details'!S3 -> Semi-Detached | F10: ='[1]Property Details'!T3 -> 3-Bed | H10: ='[1]Property Details'!AA3 -> No | J10: A2
E11: ='[1]Property Details'!S4 -> Semi-Detached | F11: ='[1]Property Details'!T4 -> 3-Bed | H11: ='[1]Property Details'!AA4 -> No | J11: A2
E12: ='[1]Property Details'!S5 -> Terraced | F12: ='[1]Property Details'!T5 -> 3-Bed | H12: ='[1]Property Details'!AA5 -> Yes | J12: A2
E13: ='[1]Property Details'!S6 -> Terraced | F13: ='[1]Property Details'!T6 -> 2-Bed | H13: ='[1]Property Details'!AA6 -> No | J13: A2
E14: ='[1]Property Details'!S7 -> Terraced | F14: ='[1]Property Details'!T7 -> 3-Bed | H14: ='[1]Property Details'!AA7 -> No | J14: A2
E15: ='[1]Property Details'!S8 -> Semi-Detached | F15: ='[1]Property Details'!T8 -> 3-Bed | H15: ='[1]Property Details'!AA8 -> No | J15: A2
E16: ='[1]Property Details'!S9 -> Semi-Detached | F16: ='[1]Property Details'!T9 -> 3-Bed | H16: ='[1]Property Details'!AA9 -> No | J16: A2
E17: ='[1]Property Details'!S10 -> Terraced | F17: ='[1]Property Details'!T10 -> 3-Bed | H17: ='[1]Property Details'!AA10 -> No | J17: A2
E18: ='[1]Property Details'!S11 -> Terraced | F18: ='[1]Property Details'!T11 -> 2-Bed | H18: ='[1]Property Details'!AA11 -> No | J18: A2
E19: ='[1]Property Details'!S12 -> Terraced | F19: ='[1]Property Details'!T12 -> 2-Bed | H19: ='[1]Property Details'!AA12 -> Yes | J19: A2
E20: ='[1]Property Details'!S13 -> Terraced | F20: ='[1]Property Details'!T13 -> 3-Bed | H20: ='[1]Property Details'!AA13 -> No | J20: A2
E21: ='[1]Property Details'!S14 -> Semi-Detached | F21: ='[1]Property Details'!T14 -> 3-Bed | H21: ='[1]Property Details'!AA14 -> No | J21: A2
... E28: ='[1]Property Details'!S21 -> Terraced | F28: ='[1]Property Details'!T21 -> 2-Bed | H28: ='[1]Property Details'!AA21 -> No | J28: A2
B31: INSERT ADDITIONAL ROWS AS NECESSARY
